 Dungeon Crawl Stone Soup version 0.32-a0-128-g77eb882 (webtiles) character file.

Game seed: 7591244347787470832

32216 skewfiend the Earth Mage (level 13, -11/76 HPs)
             Began as a Gargoyle Earth Elementalist on Dec 9, 2023.
             Was an Elder of Vehumet.
             Shot with an arrow by Nessos (17 damage)
             ... on level 13 of the Dungeon on Feb 7, 2024.
             The game lasted 01:16:13 (19132 turns).

skewfiend the Earth Mage (GrEE)                    Turns: 19132, Time: 01:16:15

Health: -11/76     AC: 22    Str: 17    XL:     13   Next: 63%
Magic:  13/27      EV: 11    Int: 27    God:    Vehumet [****..]
Gold:   1173       SH:  0    Dex: 10    Spells: 7/32 levels left

rFire   . . .        O - +2 dagger (venom)
rCold   . . .        (no shield)
rNeg    + . .        a - +1 troll leather armour
rPois   ∞            (no helmet)
rElec   +            A - +0 cloak
rCorr   .            H - +0 pair of gloves
SInv    .            (no boots)
Will    .....        k - amulet of regeneration
Stlth   ++           E - ring of protection from cold
HPRegen 1.92/turn    v - ring of Elyvilon's Envy {rC- Str+5 Int+6}
MPRegen 0.20/turn

%: no passive effects
@: ice-armoured
A: sickness immunity, AC +9, negative energy resistance 1, electricity
resistance, torment resistance 1, petrification resistance
a: Renounce Religion


You were on level 13 of the Dungeon.
You worshipped Vehumet.
Vehumet was greatly pleased with you.
You visited 3 branches of the dungeon, and saw 16 of its levels.

You collected 1257 gold pieces.
You spent 84 gold pieces at shops.

Inventory:

Hand Weapons
 O - a +2 dagger of venom (weapon)
 Q - a +4 trident of draining
Missiles
 h - 8 boomerangs
 i - 155 stones
 n - 6 silver javelins
 K - a throwing net
 P - 22 poisoned darts
Armour
 a - a +1 troll leather armour (worn)
 e - a +0 leather armour of cold resistance
 A - a +0 cloak (worn)
 H - a +0 pair of gloves (worn)
 L - a +3 leather armour of poison resistance
Magical Staves
 B - a staff of earth
Jewellery
 k - an amulet of regeneration (around neck)
 r - a ring of magical power
 v - the ring of Elyvilon's Envy (right hand) {rC- Str+5 Int+6}
   (You found it on level 3 of the Dungeon)

   [ring of intelligence]

   Str+5:     It affects your strength (+5).
   Int+6:     It affects your intelligence (+6).
   rC-:       It makes you vulnerable to cold.
 E - a ring of protection from cold (left hand)
Wands
 d - a wand of flame (6)
 j - a wand of digging (12)
 s - a wand of iceblast (9)
 G - a wand of polymorph (4)
 V - a wand of charming (5)
Scrolls
 f - a scroll of poison
 g - 2 scrolls of blinking
 l - 7 scrolls of teleportation
 p - a scroll of fear
 t - a scroll of vulnerability
 u - a scroll of enchant weapon
 x - 2 scrolls of amnesia
 N - a scroll of fog
 X - a scroll of silence
 Y - 2 scrolls of revelation
Potions
 b - 3 potions of magic
 c - a potion of haste
 m - 3 potions of lignification
 o - 4 potions of heal wounds
 q - a potion of enlightenment
 w - 2 potions of invisibility
 z - 2 potions of brilliance
 C - 4 potions of curing
 F - a potion of might
 Z - a potion of ambrosia


   Skills:
 + Level 7.5 Fighting
 - Level 1.5 Dodging
 - Level 2.1 Stealth
 + Level 10.0 Spellcasting
 * Level 11.9 Conjurations
 - Level 6.0 Ice Magic
 - Level 4.0 Air Magic
 + Level 16.6 Earth Magic
 - Level 0.7 Alchemy


You had 7 spell levels left.
You knew the following spells:

 Your Spells              Type           Power      Damage    Failure   Level
a - Sandblast             Erth           100%       2d20      0%          1
b - Brom's Barrelling Bo  Conj/Erth      74%        2d9       1%          4
c - Stone Arrow           Conj/Erth      100%       3d13      1%          3
d - Ozocubu's Armour      Ice            46%        N/A       1%          3
e - Hailstorm             Conj/Ice       58%        3d11      1%          3
f - Freezing Cloud        Conj/Ice/Air   26%        6-21      2%          5
g - Summon Ice Beast      Ice/Summ       29%        N/A       4%          3
Z - Passwall              Erth           80%        N/A       0%          3

Your spell library contained the following spells:

 Spells                   Type           Power      Damage    Failure   Level
 Inner Flame              Hex/Fire       13%        N/A       4%          3
 Momentum Strike          Conj/Tloc      90%        3d10      1%          2
 Petrify                  Alch/Erth      57%        N/A       1%          4
 Slow                     Hex            52%        N/A       5%          1
 Blink                    Tloc           26%        N/A       8%          2
 Jinxbite                 Hex            26%        N/A       8%          2
 Lesser Beckoning         Tloc           26%        N/A       8%          2
 Confusing Touch          Hex            13%        N/A       16%         3
 Sigil of Binding         Hex            13%        N/A       16%         3
 Vampiric Draining        Necr           13%        2d6       16%         3
 Yara's Violent Unravell  Hex/Alch       7%         3d5       30%         5
 Metabolic Englaciation   Hex/Ice        14%        N/A       38%         5
 Summon Mana Viper        Hex/Summ       13%        N/A       82%         5
 Sculpt Simulacrum        Ice/Alch       15%        N/A       90%         6
 Enfeeble                 Hex            6%         N/A       100%        7
 Monstrous Menagerie      Summ           6%         N/A       100%        7
 Disjunction              Tloc           6%         N/A       100%        8


Dungeon Overview and Level Annotations

Branches:
Dungeon (13/15)            Temple (1/1) D:4            Lair (2/5) D:11
  Snake (0/4) Lair:2          Orc (0/2) D:9
  Swamp: Lair:2-3    Shoals: Lair:2-3    Vaults: D:13-14

Altars:
Ashenzari
Cheibriados
Dithmenos
Elyvilon
Fedhas
Gozag
Hepliaklqana
Kikubaaqudgha
Makhleb
Nemelex Xobeh
Okawaru
Qazlal
Ru
Sif Muna
Trog
Uskayaw
Vehumet
Wu Jian
Xom
Yredelemnul
Zin
The Shining One

Shops:
D:2 =   D:4 [   D:5 [:   D:12 **?

Portals:
Trove: D:13 (give +2 storm dragon scales)

Annotations:
D:8 2 transporters, Dega's ghost, novice SpHu
D:13 Nessos
Lair:2 3 runed translucent doors, Enyveb's ghost, journeyman FoHu


Innate Abilities, Weirdness & Mutations

You are immune to sickness and miasma.
Your stone body is resilient. (AC +9)
You are immune to poison.
You resist negative energy. (rN+)
You are resistant to electric shocks. (rElec)
You are resistant to unholy torment.
You are immune to petrification.


Message History

Confirm with . or Enter, or press ? or * to list all spells.
Aiming: Freezing Cloud (dangerous; 2% risk of failure)
Press: ? - help, Dir - move target, f - Nessos
Aim: Nessos, wielding a +2 longbow of flaming and wearing a +0 barding Nessos is engulfed in freezing vapours.
Nessos shoots an arrow.
The arrow closely misses you.
Nessos is engulfed in freezing vapours.
Nessos casts a spell.
Nessos seems to speed up.
Casting: Freezing Cloud (dangerous; 2% risk of failure)
Confirm with . or Enter, or press ? or * to list all spells.
A film of ice covers your body!
Nessos is engulfed in freezing vapours.
Nessos shoots an arrow.
The arrow hits you!! The arrow burns you!
Nessos is engulfed in freezing vapours.
Nessos shoots an arrow.
The arrow barely misses you. The heat melts your icy armour.
Casting: Ozocubu's Armour (safe; 1% risk of failure)
Confirm with . or Enter, or press ? or * to list all spells.
A chill wind blows around you.
Nessos is engulfed in freezing vapours.
Nessos shoots an arrow.
The arrow misses you. The arrow hits your ice beast!
The arrow melts your ice beast.
Nessos is engulfed in freezing vapours.
Nessos shoots an arrow.
The arrow hits you!
* * * LOW HITPOINT WARNING * * *
The arrow burns you.
* * * LOW HITPOINT WARNING * * *
The heat melts your icy armour.
Casting: Summon Ice Beast (dangerous; 4% risk of failure)
Confirm with . or Enter, or press ? or * to list all spells.
Aiming: Stone Arrow (safe; 1% risk of failure)
Press: ? - help, Shift-Dir - straight line, f/p - Nessos
Aim: Nessos, wielding a +2 longbow of flaming and wearing a +0 barding (freezing vapour, heavily wounded, fast, ally target, 87% to hit)
The stone arrow hits Nessos!!
Nessos is severely wounded.
Nessos is engulfed in freezing vapours.
Nessos shoots an arrow.
The arrow hits you!
* * * LOW HITPOINT WARNING * * *
The arrow burns you.
* * * LOW HITPOINT WARNING * * *
Nessos is engulfed in freezing vapours.
Nessos shoots an arrow.
The arrow hits you!
You die...

####...#.<..#
...#........#
............
....#.......
#.#######.############
...######.###.......>##
.∩....#....#.......§..#
...#..'....#..Y...§§☼§#
#.##..#....'....@.§§§§#
..##?###+####...####c##
'###.# ##### #'# ...#..
..% ...#.. .....
<..#... ....... ...#...
.......>. .###.###
##.###..### ## #. .c#


You could see Nessos (fast, ally target) and a friendly ice beast (summoned).

Vanquished Creatures
  A hydra (Lair:2)
  Harold (D:10)
  Erolcha (D:10)
  3 two-headed ogres
  2 boulder beetles
  Nergalle (D:11)
  Lodul (D:10)
  An orc knight (D:11)
  A manticore (D:11)
  3 cyclopes
  Maurice (D:11)
  3 black mambas
  9 elephants (Lair:2)
  Joseph (D:8)
  2 gargoyles
  3 rime drakes (Lair:2)
  Maggie (D:10)
  4 komodo dragons
  11 cane toads
  An unseen horror (D:11)
  Jeremiah (D:9)
  4 trolls
  4 blink frogs (Lair:2)
  2 wraiths
  18 yaks
  4 slime creatures (D:13)
  3 wyverns
  4 vampire mosquitoes (D:11)
  3 basilisks
  14 water moccasins
  Duvessa (D:7)
  3 orc warriors
  2 black bears
  An ice beast (D:7)
  A sky beast (D:8)
  8 wolves
  10 ogres
  A phantom (D:7)
  7 centaurs
  8 bullfrogs
  3 kobold brigands
  A gnoll sergeant (D:6)
  Dowan (D:7)
  4 wights (D:7)
  4 howler monkeys
  A bombardier beetle (D:4)
  5 orc priests
  A gnoll bouda (D:10)
  5 jellies
  Jessica (D:2)
  Terence (D:2)
  2 iguanas (D:6)
  A sleepcap (D:5)
  4 orc wizards
  7 hell rats (Lair:2)
  A statue (D:9)
  14 gnolls
  10 adders
  3 white imps
  4 dart slugs
  31 orcs
  9 endoplasms
  3 giant cockroaches
  11 goblins
  6 hobgoblins
  24 kobolds
  6 quokkas
  9 ball pythons
  9 bats
  8 frilled lizards
  5 rats
344 creatures vanquished.

Vanquished Creatures (collateral kills)
  2 slime creatures (D:13)
  A shadow (D:11)
  An orc warrior (D:11)
  3 boulders
7 creatures vanquished.

Vanquished Creatures (others)
  An orc (D:8)
  5 boulders
6 creatures vanquished.

Grand Total: 357 creatures vanquished

Notes
Turn   | Place    | Note
-------+----------+-------------------------------------------
     0 | D:1      | skewfiend the Gargoyle Earth Elementalist began the quest
                  | for the Orb.
     0 | D:1      | Reached XP level 1. HP: 10/10 MP: 3/3
    27 | D:1      | Found a faded altar of an unknown god.
   123 | D:1      | Reached skill level 4 in Earth Magic
   181 | D:1      | Reached XP level 2. HP: 8/15 MP: 3/5
   181 | D:1      | Upgraded the game from 0.31-a0-1164-geb876a3 to
                  | 0.31-a0-1354-g0f3f92e
   181 | D:1      | Upgraded the game from 0.31-a0-1354-g0f3f92e to
                  | 0.31-a0-1549-g5ff9445
   476 | D:1      | Reached XP level 3. HP: 19/19 MP: 3/6
   480 | D:1      | Learned a level 3 spell: Passwall
  1227 | D:2      | Reached skill level 5 in Earth Magic
  1333 | D:2      | Reached XP level 4. HP: 24/24 MP: 5/8
  1433 | D:2      | Noticed Jessica
  1438 | D:2      | Killed Jessica
  1443 | D:2      | Learned a level 3 spell: Stone Arrow
  1546 | D:2      | Noticed Terence
  1551 | D:2      | Killed Terence
  1552 | D:2      | Reached XP level 5. HP: 28/28 MP: 5/9
  1594 | D:2      | Found Amalolut's Jewellery Shoppe.
  2049 | D:3      | Reached skill level 6 in Earth Magic
  2238 | D:3      | You fall into a shaft and drop 3 floors!
  2539 | D:5      | Entered Level 5 of the Dungeon
  2645 | D:5      | Reached XP level 6. HP: 32/32 MP: 9/11
  2822 | D:4      | Found Fiudoesk's Antique Armour Boutique.
  2827 | D:4      | Reached skill level 1 in Conjurations
  2827 | D:4      | Reached skill level 7 in Earth Magic
  2965 | D:3      | Found a glowing golden altar of the Shining One.
  2966 | D:3      | Found a burning altar of Makhleb.
  3403 | D:3      | Identified the ring of Elyvilon's Envy {rC- Str+5 Int+6}
  4136 | D:4      | Found a staircase to the Ecumenical Temple.
  4177 | Temple   | Entered the Ecumenical Temple
  4288 | D:4      | Reached XP level 7. HP: 36/36 MP: 10/13
  4501 | D:5      | Found Jyadoem's Armour Shoppe.
  4572 | D:5      | Found Uzeumn's Book Shoppe.
  4729 | D:5      | Reached skill level 8 in Earth Magic
  5412 | D:6      | Reached XP level 8. HP: 41/41 MP: 13/15
  5453 | D:6      | Reached skill level 5 in Spellcasting
  5453 | D:6      | Reached skill level 9 in Earth Magic
  5923 | D:7      | Upgraded the game from 0.31-a0-1549-g5ff9445 to
                  | 0.31-a0-1567-g7e4722a
  6323 | D:7      | Noticed Duvessa
  6343 | D:7      | Killed Duvessa
  6344 | D:7      | Noticed Dowan
  6456 | D:7      | Reached skill level 10 in Earth Magic
  6585 | D:7      | Learned a level 4 spell: Brom's Barrelling Boulder
  6673 | D:7      | Killed Dowan
  6675 | D:7      | Reached XP level 9. HP: 45/45 MP: 12/18
  6817 | D:7      | Reached skill level 11 in Earth Magic
  7232 | D:8      | Noticed Joseph
  7456 | D:8      | Killed Joseph
  7617 | D:8      | Noticed a centaur warrior
  7617 | D:8      | Noticed Dega's ghost (novice SpHu)
  7618 | D:8      | Found a transporter.
  7619 | D:8      | Upgraded the game from 0.31-a0-1567-g7e4722a to
                  | 0.31-a0-1570-g93c622d
  7619 | D:8      | Upgraded the game from 0.31-a0-1570-g93c622d to
                  | 0.32-a0-125-g6e397d8
  7734 | D:8      | Noticed an efreet
  7757 | D:8      | Reached skill level 12 in Earth Magic
  7964 | D:8      | Noticed a troll
  8005 | D:8      | Killed a troll
  8006 | D:8      | Reached skill level 5 in Conjurations
  8006 | D:8      | Reached XP level 10. HP: 51/51 MP: 7/20
  8330 | D:8      | Reached skill level 13 in Earth Magic
  8390 | D:8      | Found a transporter.
  8442 | D:8      | Found an ornate altar of the Wu Jian Council.
  8442 | D:8      | Found a faded altar of an unknown god.
  8461 | D:8      | Found a faded altar of an unknown god.
  8466 | D:8      | Found a blossoming altar of Fedhas.
  8468 | D:8      | Found a shimmering altar of Xom.
  9002 | D:9      | Found a staircase to the Orcish Mines.
  9096 | D:9      | Reached skill level 1 in Fighting
  9275 | D:9      | Learned a level 3 spell: Ozocubu's Armour
  9354 | D:9      | Learned a level 3 spell: Hailstorm
  9417 | D:9      | Found a radiant altar of Vehumet.
  9429 | D:9      | Became a worshipper of Vehumet
  9656 | D:9      | Noticed Jeremiah
  9679 | D:9      | Killed Jeremiah
 10038 | D:9      | Reached skill level 1 in Ice Magic
 10129 | D:9      | Found a hide-covered altar of Uskayaw.
 10341 | D:10     | Entered Level 10 of the Dungeon
 10445 | D:10     | Noticed Erolcha
 10470 | D:10     | Killed Erolcha
 10471 | D:10     | Reached skill level 14 in Earth Magic
 10739 | D:10     | Noticed Harold
 10744 | D:10     | Noticed Maggie
 10760 | D:10     | Killed Harold
 10761 | D:10     | Reached XP level 11. HP: 44/60 MP: 3/23
 10766 | D:10     | Killed Maggie
 10998 | D:10     | Noticed a two-headed ogre
 11223 | D:10     | Killed a two-headed ogre
 11489 | D:11     | Noticed Maurice
 11493 | D:11     | Killed Maurice
 11622 | D:11     | Noticed an orc knight
 11717 | D:11     | Killed an orc knight
 11717 | D:11     | Reached * piety under Vehumet
 11717 | D:11     | Offered knowledge of Kiss of Death by Vehumet.
 11730 | D:11     | Noticed a boulder beetle
 11931 | D:11     | Noticed Lodul
 11946 | D:10     | Killed Lodul
 12192 | D:11     | Got the Lectures on Wintry Geometries
 12199 | D:11     | Learned a level 5 spell: Freezing Cloud
 12371 | D:11     | Noticed a manticore
 12377 | D:11     | Reached skill level 15 in Earth Magic
 12393 | D:11     | Killed a manticore
 12598 | D:11     | Killed a boulder beetle
 12599 | D:11     | Reached skill level 1 in Air Magic
 12998 | D:11     | Noticed Nergalle
 13004 | D:11     | Killed Nergalle
 13225 | D:11     | Found a staircase to the Lair.
 13236 | D:11     | Noticed a cyclops
 13249 | D:11     | Killed a cyclops
 13250 | D:11     | Reached XP level 12. HP: 29/68 MP: 6/24
 13412 | Lair:1   | Entered Level 1 of the Lair of Beasts
 13425 | Lair:1   | Reached skill level 5 in Fighting
 13693 | Lair:1   | Reached ** piety under Vehumet
 13859 | Lair:1   | Offered knowledge of Sting by Vehumet.
 15936 | Lair:2   | Offered knowledge of Mercury Vapours by Vehumet.
 16070 | Lair:2   | Reached skill level 10 in Conjurations
 16072 | Lair:2   | Reached skill level 16 in Earth Magic
 16385 | Lair:2   | Reached *** piety under Vehumet
 16392 | Lair:2   | Reached skill level 5 in Ice Magic
 16392 | Lair:2   | Reached XP level 13. HP: 68/75 MP: 13/26
 16396 | Lair:2   | Learned a level 3 spell: Summon Ice Beast
 16587 | Lair:2   | Found a staircase to the Snake Pit.
 16856 | Lair:2   | Found a runed translucent gate.
 16857 | Lair:2   | Found a runed translucent gate.
 16857 | Lair:2   | Found a runed translucent gate.
 16864 | Lair:2   | Noticed Enyveb's ghost (journeyman FoHu)
 16964 | Lair:2   | Offered knowledge of Fulminant Prism by Vehumet.
 16967 | Lair:2   | Upgraded the game from 0.32-a0-125-g6e397d8 to
                  | 0.32-a0-128-g77eb882
 18187 | D:12     | Found Ixotzoes's Magic Scroll Shoppe.
 18217 | D:12     | Bought a scroll of fear for 56 gold pieces
 18372 | D:12     | Found Zesyssupn's General Store.
 18374 | D:12     | Found Bemmisum's Specific Store.
 18384 | D:12     | Bought a scroll of identify for 28 gold pieces
 18684 | D:12     | Reached skill level 10 in Spellcasting
 18955 | D:13     | Reached **** piety under Vehumet
 19022 | D:13     | Found a portal to a secret trove of treasure.
 19037 | D:13     | Offered knowledge of Inner Flame by Vehumet.
 19122 | D:13     | Noticed Nessos
 19132 | D:13     | Shot with an arrow by Nessos

Illustrated notes

Levels and vault maps discovered:
D:1:      minmay_arrival_wavy_path, layout_basic,
          shapermc_ecumenical_altar_venn, hangedman_decor_peaks_small,
          st_stairs_1, chequers_serial_rivers_room_b,
          hangedman_decor_clover_reticule, minmay_misc_feat_iff,
          supply_closet_lemuel, minmay_misc_feat_room, minmay_nonomino_d4
D:2:      layout_loops_ring, serial_shops, nicolae_shop_window_shopping,
          chequers_serial_rivers_micro_c, minmay_close_crescents, uniq_terence,
          uniq_jessica
D:3:      layout_loops_ring, nicolae_overflow_squiral, st_stairs_12,
          minmay_fountain_box, minmay_increasing_density
D:4:      layout_basic, minmay_temple_entry_statues, serial_shops,
          nicolae_square_shop, kennysheep_generic_room_10
D:5:      layout_basic, serial_shops, shop, shop
D:6:      layout_basic
D:7:      layout_layer_cave, uniq_duvessa
D:8:      layout_basic, chequers_temple_overflow_minitemple,
          gammafunk_ghost_arena, minmay_gold_behind_fungi, uniq_joseph
D:9:      layout_grid_maze, vehumet_statue, nicolae_uskayaw_dance_studio,
          david_orc_3, uniq_jeremiah
D:10:     layout_small_grid, uniq_erolcha, uniq_maggie, uniq_harold
D:11:     layout_loops_ring, lair_entry_dummy, uniq_nergalle, uniq_lodul,
          uniq_maurice
D:12:     layout_roguey, serial_shops, nicolae_diamond_shop,
          nicolae_specific_store
D:13:     layout_gridville, nicolae_trove_entry_crossroad, uniq_jorgrun,
          uniq_nessos
Temple:   hellmonk_temple_of_storms
Lair:1:   layout_long_grid
Lair:2:   wander_river, layout_concentric_octagons,
          minmay_snake_entry_six_corridors, gammafunk_ghost_necromancy,
          nzn_random_ring, grunt_megastairs_1

Skill      XL: |  1  2  3  4  5  6  7  8  9 10 11 12 13 |
---------------+----------------------------------------+-----
Earth Magic    | 4 5 6 7 8 10 12 14 15 16 | 16.6
Spellcasting   | 3 4 6 7 8 9 10 | 10.0
Conjurations   | 1 2 3 5 6 8 10 11 | 11.9
Fighting       | 3 4 6 7 |  7.5
Ice Magic      | 2 4 5 6 |  6.0
Air Magic      | 1 4 |  4.0
Dodging        | |  1.5
Stealth        | |  2.1
Alchemy        | |  0.7

Action                     |  1- 3 |  4- 6 |  7- 9 | 10-12 | 13-15 || total
---------------------------+-------+-------+-------+-------+-------++-------
  Melee: Unarmed           |     6 |       |     3 |       |       ||     9
         Whip              |     4 |       |     7 |     2 |       ||    13
         Dagger            |       |     3 |       |    63 |    25 ||    91
         Spear             |       |     2 |       |       |       ||     2
         Punch             |       |       |     3 |    10 |     3 ||    16
         Trident           |       |       |       |    21 |       ||    21
  Throw: Boomerang         |       |       |     5 |     2 |       ||     7
         Throwing net      |       |       |     1 |       |       ||     1
         Dart              |       |       |       |     5 |       ||     5
         Javelin           |       |       |       |       |     1 ||     1
   Cast: Sandblast         |    47 |    99 |    79 |   182 |    49 ||   456
         Stone Arrow       |       |     1 |    25 |    97 |    44 ||   167
         Brom's Barrelling |       |       |       |    15 |     1 ||    16
         Hailstorm         |       |       |       |    12 |       ||    12
         Ozocubu's Armour  |       |       |       |    12 |     3 ||    15
         Freezing Cloud    |       |       |       |    13 |    11 ||    24
         Summon Ice Beast  |       |       |       |       |     4 ||     4
  Evoke: Wand              |       |       |     1 |     9 |       ||    10
    Use: Scroll            |       |       |     1 |    17 |     5 ||    23
         Potion            |       |       |       |     7 |       ||     7
 Armour: Robe              |     8 |    12 |    16 |       |       ||    36
         Skin              |       |       |     2 |       |       ||     2
         Leather armour    |       |       |    16 |   269 |    87 ||   372
         Troll leather arm |       |       |       |       |    16 ||    16
  Dodge: Dodged            |    16 |    12 |    18 |   155 |    52 ||   253

Table legend: (Time is in decaauts)
 A = Elapsed time spent in this place.
 B = Non-inter-level travel time spent in this place.
 C = Inter-level travel time spent in this place.
 D = Time resting spent in this place.
 E = Time spent auto-exploring this place.
 F = Levels seen in this place.
 G = Mean time per level.
                   A        B        C        D        E       F      G
               +--------+--------+--------+--------+--------+-----+--------+
         Total |  19369 |  18328 |   1041 |   2112 |  13260 |  16 | 1210.6 |
       Dungeon |  14623 |  13969 |    654 |   1740 |   9976 |  13 | 1124.8 |
        Temple |     44 |      0 |     44 |      0 |      0 |   1 |   44.0 |
          Lair |   4701 |   4358 |    343 |    372 |   3283 |   2 | 2350.5 |
               +--------+--------+--------+--------+--------+-----+--------+

Top non-repeatable levels by time:
  Lair:2: 2820 daAuts
  Lair:1: 1881 daAuts
    D:11: 1645 daAuts
     D:8: 1642 daAuts
     D:9: 1509 daAuts
    D:10: 1474 daAuts
     D:7: 1423 daAuts
     D:1: 1221 daAuts
     D:6: 1061 daAuts
     D:4: 967 daAuts
     D:3: 958 daAuts
    D:12: 897 daAuts
     D:2: 836 daAuts
     D:5: 794 daAuts
    D:13: 190 daAuts
